 Dungeon Crawl Stone Soup version 0.31-a0-175-g9f7f995f2b (webtiles) character file.

Game seed: 1394035754971262103

1101 qw the Skirmisher (level 8, 0/74 HPs)
             Began as a Naga Hunter on June 16, 2023.
             Slain by an iguana (8 damage)
             ... on level 5 of the Dungeon.
             The game lasted 00:02:00 (4630 turns).

qw the Skirmisher (Naga Hunter)                     Turns: 4630, Time: 00:02:00

Health: 0/74       AC:  5    Str: 14    XL:     8   Next: 32%
Magic:  8/8        EV: 10    Int: 10    God:
Gold:   330        SH:  0    Dex: 16    Spells: 7/7 levels left

rFire   + . .        Y - +1 orcbow
rCold   + + .        (shield currently unavailable)
rNeg    . . .        c - +0 leather armour
rPois   +            (no helmet)
rElec   .            f - scarf {rC+ rF+}
rCorr   .            d - +0 pair of gloves
SInv    +            (no barding)
Will    ++...        (no amulet)
Stlth   ++           a - ring of willpower
HPRegen 0.32/turn    b - ring of protection from cold
MPRegen 0.11/turn

%: no passive effects
@: short of breath, very slow
A: AC +2, large, see invisible, deformed body, poison resistance, slowness 2,
spit poison 1, naga tail 1
a: Spit Poison


You were on level 5 of the Dungeon.
You visited 1 branch of the dungeon, and saw 5 of its levels.

You collected 330 gold pieces.


Innate Abilities, Weirdness & Mutations

Your serpentine skin is tough. (AC +2)
You have supernaturally acute eyesight. (SInv)
Armour fits poorly on your strangely shaped body.
Your system is resistant to poisons. (rPois)
You cover ground very slowly.
You can spit poison.
You have a snake-like lower body.


   Skills:
 - Level 5.2 Fighting
 + Level 8.1 Ranged Weapons
 - Level 2.4 Dodging
 - Level 1.5 Stealth


You had 7 spell levels left.
You didn't know any spells.
Your spell library was empty.

Inventory:

Hand Weapons
 Y - a +1 orcbow (weapon)
Armour
 c - a +0 leather armour (worn)
 d - a +0 pair of gloves (worn)
 f - a scarf of resistance (worn)
Jewellery
 a - a ring of willpower (left hand)
 b - a ring of protection from cold (right hand)
 n - a +6 ring of strength
 p - a ring of fire
 r - a ring of fire
Scrolls
 o - a scroll of identify
Potions
 e - a potion of curing
 g - a potion of mutation {unknown}
 h - a potion of haste
 i - a potion of cancellation {unknown}
 j - a potion of might {unknown}

Dungeon Overview and Level Annotations

Branches:
Dungeon (5/15)
 Temple: D:4-7

Altars:
Hepliaklqana

Shops:
D:4 [


Message History

The puff of frost hits you. You resist.
4621 ||| Stepping ~*~*~tactically~*~*~ (outnumbered).
The white imp hits you. The white imp freezes you. You resist.
You shoot an arrow. The arrow barely misses the white imp.
The white imp gestures at you. The puff of frost hits you. You resist.
The iguana bites you. The white imp gestures at you.
The puff of frost hits you. You resist. The iguana completely misses you.
You shoot an arrow.
The arrow hits the white imp but does no damage.
The white imp hits you. The white imp freezes you. You resist.
The iguana barely misses you.
You shoot an arrow.
The arrow completely misses the white imp.
You have got your breath back.
The white imp gestures at you. The puff of frost hits you. You resist.
The iguana bites you!
4626 ||| INVOKING Spit Poison.
Aiming: Spit Poison (1% risk of failure)
Press: ? - help, Shift-Dir - straight line, f - iguana, p - white imp The splash of poison hits the iguana!
The iguana is poisoned.
The iguana is heavily wounded.
The white imp hits you. The white imp freezes you. You resist.
The iguana barely misses you.
The iguana hisses menacingly.
The iguana bites you!
You shoot an arrow. The arrow hits the iguana.
You kill the iguana!
The white imp closely misses you. The iguana bites you!
You shoot an arrow. The arrow hits the white imp.
The white imp is lightly wounded.
The white imp gestures at you. The puff of frost hits you. You resist.
The iguana bites you!
You shoot an arrow. The arrow barely misses the white imp.
The white imp gestures at you. The puff of frost hits you. You resist.
The iguana bites you!
You shoot an arrow. The arrow hits the white imp!
You kill the white imp!
The iguana bites you!
You die...

#....#.)####################..#
#.##.#..).........%............
#.##.#..).....................#
#.##.#.)####################...
#.##.#..#.....#.....# #...
#....#..#.....#.....# #.#.
####.#..#..#..#..#..# #...
#.#..#..#..#..#..# #.#.
#.#..)..#..@%.#... #...
#.#.....#...l.#... ###.
#.################### #.
#.....%........>....## #.
###################..# #. ##.#
### #.#####.. #.......#
#########


You could see an iguana.

Vanquished Creatures
  An ice beast (D:5)
  2 ogres
  3 centaurs (D:5)
  A bullfrog (D:5)
  2 scorpions (D:5)
  2 hounds (D:5)
  2 orc priests
  3 iguanas
  A gnoll (D:5)
  9 adders
  A white imp (D:5)
  3 ufetubi (D:5)
  6 worms
  A dart slug (D:1)
  13 orcs
  6 endoplasms
  3 giant cockroaches
  7 goblins
  7 hobgoblins
  2 jackals (D:1)
  10 kobolds
  6 quokkas
  7 ball pythons
  8 bats
  2 frilled lizards (D:3)
  4 rats
112 creatures vanquished.

Notes
Turn   | Place    | Note
-------+----------+-------------------------------------------
     0 | D:1      | qw the Naga Hunter began the quest for the Orb.
     0 | D:1      | Reached XP level 1. HP: 19/19 MP: 1/1
     0 | D:1      | 0 ||| qw: Version: 0.2-a-29-g511e9b1
     0 | D:1      | 0 ||| qw: Game counter: 68
     0 | D:1      | 0 ||| qw: Always use a shield: true
     0 | D:1      | 0 ||| qw: God list: Okawaru
     0 | D:1      | 0 ||| qw: Allow faded altars: false
     0 | D:1      | 0 ||| qw: Do Orc after D:15 true
     0 | D:1      | 0 ||| qw: Do second Lair branch before Depths: true
     0 | D:1      | 0 ||| qw: Lair rune preference: random
     0 | D:1      | 0 ||| qw: Plans: Normal
     0 | D:1      | 0 ||| PLANNING D:1-11
    10 | D:1      | 10 ||| INVOKING Spit Poison.
    16 | D:1      | 16 ||| INVOKING Spit Poison.
    67 | D:1      | 67 ||| INVOKING Spit Poison.
    68 | D:1      | Reached skill level 4 in Ranged Weapons
    68 | D:1      | Reached XP level 2. HP: 26/26 MP: 2/2
    71 | D:1      | 71 ||| INVOKING Spit Poison.
    78 | D:1      | 78 ||| INVOKING Spit Poison.
   102 | D:1      | 102 ||| INVOKING Spit Poison.
   107 | D:1      | 107 ||| INVOKING Spit Poison.
   167 | D:1      | 167 ||| INVOKING Spit Poison.
   185 | D:1      | 185 ||| INVOKING Spit Poison.
   211 | D:1      | 211 ||| INVOKING Spit Poison.
   324 | D:1      | 324 ||| INVOKING Spit Poison.
   336 | D:1      | 336 ||| INVOKING Spit Poison.
   342 | D:1      | 342 ||| INVOKING Spit Poison.
   377 | D:1      | 377 ||| INVOKING Spit Poison.
   378 | D:1      | Reached XP level 3. HP: 32/32 MP: 3/3
   406 | D:1      | 406 ||| INVOKING Spit Poison.
   465 | D:1      | 465 ||| INVOKING Spit Poison.
   504 | D:1      | 504 ||| INVOKING Spit Poison.
   604 | D:1      | 604 ||| INVOKING Spit Poison.
   679 | D:1      | 679 ||| INVOKING Spit Poison.
   711 | D:1      | 711 ||| UPGRADING to +0 pair of gloves.
   716 | D:1      | 716 ||| READING scroll labelled YTWYUXE KUEHU.
   717 | D:1      | 717 ||| READING scroll labelled EZEMOFEYXTOIRO.
   720 | D:1      | 720 ||| DRINKING 2 sapphire potions.
   721 | D:1      | 721 ||| DROPPING scroll of butterflies.
   722 | D:1      | 722 ||| DROPPING potion of enlightenment.
   752 | D:2      | 752 ||| INVOKING Spit Poison.
   792 | D:2      | 792 ||| INVOKING Spit Poison.
   912 | D:2      | 912 ||| INVOKING Spit Poison.
   917 | D:2      | 917 ||| INVOKING Spit Poison.
   977 | D:2      | 977 ||| INVOKING Spit Poison.
  1012 | D:2      | 1012 ||| INVOKING Spit Poison.
  1085 | D:2      | Found a hazy altar of Hepliaklqana.
  1121 | D:2      | 1121 ||| INVOKING Spit Poison.
  1126 | D:2      | 1126 ||| INVOKING Spit Poison.
  1130 | D:2      | 1130 ||| INVOKING Spit Poison.
  1131 | D:2      | Reached skill level 5 in Ranged Weapons
  1460 | D:2      | 1460 ||| UPGRADING to ring of willpower.
  1461 | D:2      | 1461 ||| UPGRADING to ring of protection from cold.
  1462 | D:2      | 1462 ||| DRINKING 2 cyan potions.
  1504 | D:3      | 1504 ||| INVOKING Spit Poison.
  1506 | D:3      | Reached XP level 4. HP: 39/39 MP: 4/4
  1545 | D:3      | 1545 ||| INVOKING Spit Poison.
  1605 | D:3      | 1605 ||| INVOKING Spit Poison.
  1632 | D:3      | 1632 ||| INVOKING Spit Poison.
  1750 | D:3      | 1750 ||| INVOKING Spit Poison.
  1759 | D:3      | 1759 ||| UPGRADING to scarf of resistance.
  1764 | D:3      | 1764 ||| INVOKING Spit Poison.
  1767 | D:3      | 1767 ||| INVOKING Spit Poison.
  1837 | D:3      | 1837 ||| INVOKING Spit Poison.
  1840 | D:3      | 1840 ||| INVOKING Spit Poison.
  1849 | D:3      | 1849 ||| INVOKING Spit Poison.
  1855 | D:3      | 1855 ||| INVOKING Spit Poison.
  1858 | D:3      | 1858 ||| INVOKING Spit Poison.
  1860 | D:3      | Reached skill level 3 in Fighting
  1910 | D:3      | 1910 ||| DROPPING scarf of resistance.
  1911 | D:3      | 1911 ||| UPGRADING to +0 orcbow.
  1912 | D:3      | 1912 ||| DROPPING +0 shortbow.
  1934 | D:3      | 1934 ||| INVOKING Spit Poison.
  1943 | D:3      | 1943 ||| INVOKING Spit Poison.
  1946 | D:3      | Reached XP level 5. HP: 49/49 MP: 5/5
  1975 | D:3      | 1975 ||| INVOKING Spit Poison.
  2050 | D:3      | 2050 ||| INVOKING Spit Poison.
  2329 | D:3      | 2329 ||| READING scroll labelled QORHAITZ IPRUTA.
  2400 | D:4      | 2400 ||| INVOKING Spit Poison.
  2412 | D:4      | 2412 ||| INVOKING Spit Poison.
  2416 | D:4      | 2416 ||| INVOKING Spit Poison.
  2533 | D:4      | 2533 ||| INVOKING Spit Poison.
  2613 | D:4      | 2613 ||| INVOKING Spit Poison.
  2621 | D:4      | 2621 ||| INVOKING Spit Poison.
  2627 | D:4      | 2627 ||| INVOKING Spit Poison.
  2649 | D:4      | 2649 ||| INVOKING Spit Poison.
  2650 | D:4      | 2650 ||| INVOKING Spit Poison.
  2695 | D:4      | 2695 ||| INVOKING Spit Poison.
  2707 | D:4      | 2707 ||| INVOKING Spit Poison.
  2776 | D:4      | 2776 ||| INVOKING Spit Poison.
  2779 | D:4      | 2779 ||| INVOKING Spit Poison.
  2785 | D:4      | 2785 ||| INVOKING Spit Poison.
  2791 | D:4      | 2791 ||| INVOKING Spit Poison.
  3051 | D:4      | 3051 ||| INVOKING Spit Poison.
  3134 | D:4      | 3134 ||| INVOKING Spit Poison.
  3139 | D:4      | 3139 ||| INVOKING Spit Poison.
  3144 | D:4      | 3144 ||| INVOKING Spit Poison.
  3149 | D:4      | 3149 ||| INVOKING Spit Poison.
  3152 | D:4      | 3152 ||| INVOKING Spit Poison.
  3157 | D:4      | 3157 ||| INVOKING Spit Poison.
  3305 | D:4      | 3305 ||| INVOKING Spit Poison.
  3311 | D:4      | 3311 ||| INVOKING Spit Poison.
  3315 | D:4      | 3315 ||| INVOKING Spit Poison.
  3418 | D:4      | Found Weuvior's Armour Shoppe.
  3420 | D:4      | 3420 ||| INVOKING Spit Poison.
  3427 | D:4      | 3427 ||| SHOPLISTING +10 Black Knight's barding {ponderous,
                  | rPois rN+} (760 gold, have 225).
  3427 | D:4      | 3427 ||| SHOPLISTING +2 steam dragon scales (624 gold, have
                  | 225).
  3516 | D:4      | Noticed an ogre
  3517 | D:4      | 3517 ||| INVOKING Spit Poison.
  3520 | D:4      | 3520 ||| INVOKING Spit Poison.
  3521 | D:4      | Killed an ogre
  3522 | D:4      | Reached skill level 6 in Ranged Weapons
  3522 | D:4      | Reached XP level 6. HP: 30/56 MP: 6/6
  3635 | D:4      | 3635 ||| DROPPING scarf of harm.
  3636 | D:4      | 3636 ||| READING 2 scrolls labelled ATEUFAS UTOEGH.
  3637 | D:4      | 3637 ||| READING scroll labelled BYILUE DICY.
  3638 | D:4      | 3638 ||| READING 2 scrolls of identify.
  3638 | D:4      | 3638 ||| IDENTIFYING pink potion
  3639 | D:4      | 3639 ||| DROPPING potion of degeneration.
  3640 | D:4      | 3640 ||| DROPPING scroll of revelation.
  3667 | D:5      | Entered Level 5 of the Dungeon
  3755 | D:5      | 3755 ||| INVOKING Spit Poison.
  3807 | D:5      | 3807 ||| INVOKING Spit Poison.
  3813 | D:5      | 3813 ||| INVOKING Spit Poison.
  3892 | D:5      | 3892 ||| INVOKING Spit Poison.
  3904 | D:5      | Identified the staff of cold "Qaneo" {*Corrode rC+ rN+
                  | Int+5 Dex+3}
  3908 | D:5      | 3908 ||| INVOKING Spit Poison.
  3910 | D:5      | Noticed an ice beast
  3911 | D:5      | 3911 ||| Stepping ~*~*~tactically~*~*~ (outnumbered).
  3912 | D:5      | 3912 ||| INVOKING Spit Poison.
  3915 | D:5      | Reached XP level 7. HP: 31/66 MP: 7/7
  3918 | D:5      | 3918 ||| INVOKING Spit Poison.
  3962 | D:5      | 3962 ||| INVOKING Spit Poison.
  3965 | D:5      | 3965 ||| INVOKING Spit Poison.
  3975 | D:5      | 3975 ||| INVOKING Spit Poison.
  3977 | D:5      | HP: 11/66 [centaur/arrow (13)]
  3978 | D:5      | 3978 ||| READING scroll of teleportation.
  3979 | D:5      | 3979 ||| DRINKING potion of heal wounds.
  3980 | D:5      | 3980 ||| INVOKING Spit Poison.
  4133 | D:5      | Reached skill level 7 in Ranged Weapons
  4147 | D:5      | 4147 ||| INVOKING Spit Poison.
  4162 | D:5      | 4162 ||| INVOKING Spit Poison.
  4178 | D:5      | 4178 ||| INVOKING Spit Poison.
  4185 | D:5      | 4185 ||| INVOKING Spit Poison.
  4190 | D:5      | 4190 ||| INVOKING Spit Poison.
  4377 | D:5      | Reached XP level 8. HP: 67/73 MP: 8/8
  4420 | D:5      | 4420 ||| INVOKING Spit Poison.
  4427 | D:5      | 4427 ||| INVOKING Spit Poison.
  4430 | D:5      | 4430 ||| INVOKING Spit Poison.
  4433 | D:5      | 4433 ||| INVOKING Spit Poison.
  4469 | D:5      | 4469 ||| READING scroll labelled USUOSOISOR.
  4470 | D:5      | 4470 ||| READING scroll labelled NUOBEA WESARPH.
  4479 | D:5      | 4479 ||| INVOKING Spit Poison.
  4485 | D:5      | Reached skill level 8 in Ranged Weapons
  4528 | D:5      | 4528 ||| INVOKING Spit Poison.
  4550 | D:5      | 4550 ||| INVOKING Spit Poison.
  4556 | D:5      | 4556 ||| INVOKING Spit Poison.
  4559 | D:5      | 4559 ||| INVOKING Spit Poison.
  4590 | D:5      | 4590 ||| INVOKING Spit Poison.
  4620 | D:5      | 4620 ||| INVOKING Spit Poison.
  4621 | D:5      | 4621 ||| Stepping ~*~*~tactically~*~*~ (outnumbered).
  4626 | D:5      | 4626 ||| INVOKING Spit Poison.
  4629 | D:5      | HP: 8/74 [iguana (11)]
  4630 | D:5      | Slain by an iguana

Levels and vault maps discovered:
D:1:      mushboom_english_gardens, layout_basic
D:2:      layout_basic, basic_altar, serial_rivers,
          chequers_serial_rivers_marsh, chequers_serial_rivers_marsh,
          chequers_serial_rivers_micro_b, chequers_serial_rivers_micro_c,
          chequers_serial_rivers_large_b
D:3:      layout_loops_ring, grunt_ministairs_8, nicolae_wormholes
D:4:      layout_gridville, serial_shops, shop,
          amcnicky_mini_rare_corridor_liquid, nicolae_figureground_sparkle
D:5:      kennysheep_windowed_halls, layout_loops_ring

Skill      XL: |  1  2  3  4  5  6  7  8 |
---------------+-------------------------+-----
Ranged Weapons | 4 5 6 7 8 |  8.1
Fighting       | 3 4 5 |  5.2
Dodging        | 2 |  2.4
Stealth        | |  1.5

Action                     |  1- 3 |  4- 6 |  7- 9 || total
---------------------------+-------+-------+-------++-------
   Fire: Shortbow          |    65 |    25 |       ||    90
         Orcbow            |       |    91 |    74 ||   165
Ability: Spit Poison       |    29 |    48 |    22 ||    99
    Use: Scroll            |     2 |     4 |     3 ||     9
         Potion            |     2 |       |     1 ||     3
 Armour: Leather armour    |     9 |    26 |    16 ||    51
  Dodge: Dodged            |     3 |    50 |    43 ||    96

Table legend:
 A = Non-vault XP
 B = Vault XP
 C = Vault XP percentage of total XP
 D = Non-vault monster count
 E = Vault monster count
 F = Vault count percentage of total count
                 A         B        C        D         E       F
            +---------+---------+-------+---------+---------+-------
      Total |    1041 |     543 |  34.3 |      91 |      21 |  18.8
            +---------+---------+-------+---------+---------+-------
        D:1 |      46 |       0 |   0.0 |      27 |       0 |   0.0
        D:2 |      35 |       0 |   0.0 |      11 |       0 |   0.0
        D:3 |      78 |      14 |  15.2 |      19 |       4 |  17.4
        D:4 |     245 |       5 |   2.0 |      22 |       1 |   4.3
        D:5 |     637 |     524 |  45.1 |      12 |      16 |  57.1
            +---------+---------+-------+---------+---------+-------
